AoeStats
← zar

Arabia

509542405Analyzed
4v4 RM · 4d ago on Sep 27, 2026· 15m 30s· 8 players
Game mode
Random Map
Map size
Large (8 player)
Population
200
Speed
Normal
Resources
Standard
Victory
Conquest
Starting age
Dark Age
Ending age
Imperial Age
RankedLock teamsTeams togetherTeam positionsShared explorationLock speedFull tech treeHidden civsTurbo modeCheats
Victory
Defeat
🇵🇪 Mongols · Peru
1011
+12
🇵🇪 Franks · Peru
960
+14
🇵🇪 Chinese · Peru
954
+14
🇵🇪 Khmer · Peru
929
+15
🇫🇮 Gurjaras · Finland
970
-15
948
-15
🇺🇸 Danes · United States
889
-13
🇻🇳 Franks · Vietnam
867
-12
略微出手已是段位极限
少打游戏多学习
11:50 Feudal Age
12:46 Gold Mining
14:31 Loom
Pizzaboy
9:40 Loom
12:41 Feudal Age
13:12 Horse Collar
13:30 Double-Bit Axe
Phước 8 Ngón
10:38 Feudal Age
11:41 Double-Bit Axe
12:37 Wheelbarrow
Mon Coeur
5:15 Loom
7:40 Feudal Age
8:26 Double-Bit Axe
zar
0:30 Loom
10:50 Feudal Age
Skynet
9:23 Loom
11:09 Feudal Age
13:16 Double-Bit Axe
17:32 Castle Age
olavidps
9:19 Loom
12:47 Feudal Age
Connection lost

Rejoining the realm…

Still unreachable

The connection could not be restored.

Session expired

The server has moved on; the page needs a fresh start.